Map: Eternal Empire LE

Players

AGOElazer (Elazer)

  • Race: Zerg Zerg
  • League: Master
  • Spawn Location: 1:00

TLHarstem (Harstem) - Winner!

  • Race: Protoss Protoss
  • League: Master
  • Spawn Location: 7:00

Event: Shopify TSL 5

VOD

Have the link to the VOD?

Description

Time

  • Played on: May 16, 2020, 12:59 p.m.
  • Length: 7:01

All games in this series

Show
View Real Time Build Order
Export as new Build Order

AGOElazer Zerg 

Build Orders: Hatch First 

Get SALT Encoding   

  12  0:00  Drone  
  13  0:12  Overlord  
  13  0:17  Drone  
  14  0:30  Drone x2  
  16  0:49  Hatchery  
  15  0:52  Drone  
  15  0:55  Drone  
  17  0:59  Drone  
  18  1:09  Extractor  
  17  1:14  Spawning Pool  
  17  1:17  Drone  
  17  1:21  Drone  
  18  1:28  Drone  
  19  1:39  Drone  
  20  1:49  Drone  
  21  2:01  Queen x2  
  23  2:02  Zergling x2, Overlord  
  26  2:12  Drone, Zergling x2  
  28  2:29  Drone x2  
  30  2:31  Hatchery  
  30  2:36  Drone x2  
  31  2:40  Queen  
  33  2:45  Metabolic Boost  
  33  2:50  Overlord  
  33  2:53  Drone  
  33  2:55  Drone  
  33  2:58  Drone  
  36  3:08  Drone  
  36  3:09  Drone  
  36  3:10  Drone x4  
  42  3:14  Overlord  
  42  3:20  Queen  
  44  3:32  Drone x5  
  49  3:40  Overlord  
  49  3:41  Drone x3  
  52  3:45  Overlord  
  52  3:51  Spore Crawler  
  51  3:57  Spore Crawler  
  51  3:58  Queen  
  51  3:59  Drone x4  
  51  4:02  Overlord  
  55  4:09  Evolution Chamber  
  50  4:10  Drone x4  
  50  4:14  Drone, Zergling x2  
  50  4:15  Spore Crawler  
  56  4:18  Zergling x4  
  56  4:19  Zergling x2  
  56  4:22  Drone x2  
  61  4:24  Drone  
  61  4:26  Drone  
  63  4:35  Drone x6  
  63  4:37  Overlord  
  69  4:40  Zergling x2  
  69  4:43  Zergling x6  
  73  4:49  Lair  
  73  4:50  Drone  
  73  4:52  Extractor x2  
  72  4:56  Drone x5  
  76  5:00  Evolution Chamber  
  76  5:02  Extractor, Drone  
  76  5:05  Overlord  
  75  5:11  Drone x4  
  77  5:17  Drone x4  
  77  5:19  Overlord  
  81  5:21  Extractor  
  81  5:22  Baneling Nest  
  81  5:23  Drone  
  81  5:24  Drone  
  81  5:25  Drone  
  81  5:26  Drone x2, Hatchery  
  83  5:29  Drone  
  83  5:35  Extractor, Overlord  
  83  5:36  Drone  
  83  5:39  Overlord  
  84  5:43  Pneumatized Carapace  
  84  5:46  Overlord  
  84  5:47  Zergling x2  
  85  5:52  Zergling x16  
  93  5:58  Drone x2, Hydralisk Den  
  93  6:01  Zergling x4  
  93  6:03  Queen  
  98  6:05  Zergling x2  
  98  6:09  Baneling x2  
  98  6:10  Zergling x2  
  100  6:12  Zergling x2  
  100  6:16  Baneling  
  100  6:17  Baneling  
  100  6:18  Zergling x8  
  100  6:26  Hydralisk x4  
  100  6:28  Hydralisk x3  
  112  6:34  Baneling x5  
Show
View Real Time Build Order
Export as new Build Order

TLHarstem Protoss - Winner!

Build Orders: 1 Gate Expand, Oracle Opening 

Get SALT Encoding   

  12  0:00  Probe  
  13  0:12  Probe  
  14  0:18  Pylon  
  14  0:25  Probe (Chrono Boost)  
  15  0:32  Assimilator  
  15  0:37  Probe (Chrono Boost)  
  16  0:46  Probe (Chrono Boost)  
  16  0:48  Gateway  
  17  0:51  Probe  
  18  1:03  Probe  
  19  1:15  Probe  
  20  1:24  Nexus  
  20  1:35  Cybernetics Core  
  20  1:37  Probe  
  21  1:42  Assimilator  
  21  1:49  Probe  
  21  1:52  Pylon  
  22  2:01  Probe  
  23  2:08  Adept (Chrono Boost)  
  23  2:13  Probe  
  23  2:14  Stargate  
  26  2:19  Warp Gate  
  26  2:25  Probe  
  27  2:31  Adept  
  29  2:37  Probe (Chrono Boost)  
  29  2:38  Probe (Chrono Boost)  
  31  2:47  Probe x2 (Chrono Boost)  
  33  2:52  Probe x2 (Chrono Boost)  
  35  3:01  Oracle (Chrono Boost), Stalker  
  35  3:04  Probe  
  35  3:05  Probe  
  42  3:08  Pylon  
  42  3:16  Probe  
  42  3:17  Probe  
  44  3:26  Gateway  
  44  3:28  Probe  
  44  3:29  Probe, Oracle (Chrono Boost)  
  49  3:37  Pylon  
  49  3:40  Probe  
  50  3:48  Robotics Facility  
  50  3:53  Probe  
  50  3:55  Probe  
  52  3:58  Nexus  
  52  4:05  Probe  
  52  4:09  Pylon  
  53  4:11  Adept, Probe  
  53  4:16  Assimilator  
  56  4:17  Probe  
  56  4:20  Adept, Assimilator  
  56  4:23  Probe  
  60  4:28  Pylon  
  61  4:35  Gateway  
  61  4:37  Gateway  
  60  4:39  Immortal (Chrono Boost)  
  60  4:45  Sentry  
  66  4:47  Zealot  
  68  4:58  Gateway  
  68  5:00  Gateway  
  68  5:02  Probe  
  68  5:04  Pylon  
  69  5:08  Warp Prism (Chrono Boost)  
  69  5:12  Sentry x2  
  75  5:16  Probe x2  
  75  5:19  Pylon  
  77  5:21  Probe  
  78  5:32  Sentry x2  
  78  5:33  Probe  
  78  5:34  Pylon  
  83  5:36  Observer (Chrono Boost)  
  83  5:37  Probe  
  83  5:40  Sentry, Zealot  
  83  5:42  Probe  
  90  5:45  Probe  
  90  5:46  Pylon  
  91  5:57  Stalker x4  
  96  6:01  Probe  
  100  6:04  Probe  
  100  6:05  Probe, Zealot  
  104  6:13  Probe  
  104  6:14  Stalker  
  107  6:20  Stalker x2  
  107  6:21  Stalker  
  107  6:24  Stalker  
  115  6:27  Probe x2  
  115  6:30  Pylon  
  117  6:40  Zealot x2  
  117  6:46  Zealot x3  
  123  6:48  Probe  
  123  6:51  Stalker  
  116  6:58  Forge  
Tags
 
Add a new tag
Caveats
  • Supply blocks, unpowered buildings, or Contaminate may cause inaccurate times.
  • Supply counts are checked every 10 seconds.